 Dungeon Crawl Stone Soup version 0.27.1-35-g4d5d836560 (console) character file.

Game seed: 17218964537344733006

43377 grimtooth the Grappler (level 13, -18/196 HPs)
             Began as a Troll Arcane Marksman on Apr 20, 2022.
             Was the Champion of Okawaru.
             Killed from afar by a ynoxinul (36 damage)
             ... with an iron shot
             ... summoned by an orc sorcerer
             ... on level 2 of the Orcish Mines.
             The game lasted 01:47:52 (16648 turns).

grimtooth the Grappler (Troll Arcane Marksman)     Turns: 16648, Time: 01:47:53

Health: -18/196    AC:  8    Str: 27    XL:     13   Next: 90%
Magic:  9/18       EV: 11    Int: 13    God:    Okawaru [******]
Gold:   1358       SH:  5    Dex: 10    Spells: 2/14 levels left

rFire    . . .     SeeInvis .     - Unarmed
rCold    + . .     Faith    .   (no shield)
rNeg     . . .     Spirit   .   a - +2 robe {Will+}
rPois    .         Reflect  +   i - +1 hat
rElec    .         Harm     .   z - +0 cloak
rCorr    .         Rampage  .   (gloves unavailable)
Will     +....                  (boots unavailable)
Stlth    ..........             K - amulet of reflection
HPRegen  1.42/turn              W - +6 ring of strength
MPRegen  0.16/turn              R - ring of protection from cold

@: berserking, heroic, very quick
A: large, unfitting armour, claws 3, regeneration 1, shaggy fur 1, tough skin 1
a: Renounce Religion, Heroism, Finesse


You were on level 2 of the Orcish Mines.
You worshipped Okawaru.
Okawaru was exalted by your worship.
You visited 4 branches of the dungeon, and saw 18 of its levels.
You also visited: Ossuary.

You collected 1418 gold pieces.
You spent 60 gold pieces at shops.

Inventory:

Hand Weapons
 b - the +7 hand crossbow of Twilight {vorpal, rElec rPois}
   (You found it on level 5 of the Dungeon)

   Any ammunition fired from it inflicts extra damage upon your enemies.
   rElec:     It insulates you from electricity.
   rPois:     It protects you from poison.
 e - a +2 spectral giant spiked club
Missiles
 c - 3 throwing nets {=f}
 h - 7 boomerangs
 k - 9 curare-tipped darts
 v - 96 poisoned darts (quivered)
 y - 115 bolts
Armour
 a - a +2 robe of willpower (worn)
 i - a +1 hat (worn)
 z - a +0 cloak (worn)
 F - a +2 tower shield of protection
 J - +0 steam dragon scales
Jewellery
 A - a ring of resist corrosion
 K - an amulet of reflection (around neck)
 R - a ring of protection from cold (right claw)
 S - a ring of fire
 W - a +6 ring of strength (left claw)
 Y - a ring of wizardry
Wands
 f - a wand of iceblast (4)
 s - a wand of flame (29)
 t - a wand of paralysis (13)
 w - a wand of digging (8)
 E - a wand of polymorph (18)
 T - a wand of charming (3)
Scrolls
 j - 9 scrolls of teleportation
 m - 3 scrolls of magic mapping
 u - 3 scrolls of blinking
 C - 2 scrolls of fog
 D - 3 scrolls of fear
 L - a scroll of summoning
 P - a scroll of identify {@r4}
Potions
 d - 2 potions of mutation
 g - 2 potions of invisibility
 o - 3 potions of might
 q - 2 potions of magic
 r - 3 potions of haste
 B - 5 potions of attraction
 H - 3 potions of lignification
 I - 5 potions of curing
 U - 2 potions of resistance
Miscellaneous
 V - a lightning rod (4/4)


   Skills:
 - Level 9.0(14.0) Fighting
 * Level 8.4(13.4) Throwing
 - Level 1.5(6.5) Dodging
 + Level 5.9(10.9) Shields
 - Level 12.0(17.0) Unarmed Combat
 - Level 1.0 Spellcasting
 - Level 6.0 Hexes
 - Level 6.0 Translocations
 - Level 9.0 Invocations


You had 2 spell levels left.
You knew the following spells:

 Your Spells              Type           Power      Damage    Failure   Level
a - Slow                  Hex            16%        N/A       3%          2
b - Corona                Hex            17%        N/A       2%          1
k - Blink                 Tloc           N/A        N/A       3%          2
p - Apportation           Tloc           32%        N/A       2%          1
x - Portal Projectile     Hex/Tloc       32%        N/A       7%          3
z - Confusing Touch       Hex            16%        N/A       7%          3

Your spell library contained the following spells:

 Spells                   Type           Power      Damage    Failure   Level
 Beastly Appendage        Tmut           0%         N/A       28%         1
 Static Discharge         Conj/Air       0%         N/A       38%         2
 Wereblood                Tmut           0%         N/A       38%         2
 Gell's Gravitas          Tloc           8%         N/A       7%          3
 Lesser Beckoning         Tloc           8%         N/A       7%          3
 Teleport Other           Tloc           16%        N/A       7%          3
 Inner Flame              Hex/Fire       8%         N/A       24%         3
 Cause Fear               Hex            8%         N/A       24%         4
 Manifold Assault         Tloc           16%        N/A       54%         5
 Call Canine Familiar     Summ           0%         N/A       63%         3
 Spider Form              Tmut/Pois      0%         N/A       63%         3
 Stone Arrow              Conj/Erth      0%         3d7       63%         3
 Leda's Liquefaction      Hex/Erth       4%         N/A       63%         4
 Metabolic Englaciation   Hex/Ice        4%         N/A       92%         5
 Yara's Violent Unravell  Hex/Tmut       4%         3d4       92%         5
 Dispel Undead            Necr           0%         3d6       95%         4
 Petrify                  Tmut/Erth      0%         N/A       95%         4
 Sticky Flame             Conj/Fire      0%         2d3       95%         4
 Invisibility             Hex            8%         N/A       98%         6
 Alistair's Intoxication  Tmut/Pois      0%         N/A       100%        5
 Bolt of Magma            Conj/Fire/Erth 0%         4d4       100%        5
 Statue Form              Tmut/Erth      0%         N/A       100%        6
 Storm Form               Tmut/Air       0%         N/A       100%        7
 Shatter                  Erth           0%         3d5*      100%        9


Dungeon Overview and Level Annotations

Branches:
Dungeon (9/15)             Temple (1/1) D:6            Lair (6/6) D:9
 Shoals (0/4) Lair:2       Spider (0/4) Lair:3        Slime (0/5) Lair:6
    Orc (2/2) D:9         Ossuary (visited)
    Elf: Orc:2

Altars:
Ashenzari
Cheibriados
Dithmenos
Elyvilon
Fedhas
Gozag
Hepliaklqana
Kikubaaqudgha
Makhleb
Nemelex Xobeh
Okawaru
Qazlal
Ru
Sif Muna
Trog
Uskayaw
Vehumet
Wu Jian
Xom
Yredelemnul
Zin
The Shining One
Jiyva

Shops:
D:1 [   D:3 ?

Annotations:
D:5 1 runed translucent door, Crazy Yiuf
Orc:2 Josephine


Innate Abilities, Weirdness & Mutations

You are too large for most types of armour.
You have claws for hands.
Your natural rate of healing is unusually fast.
You are covered in fur. (AC +1)
You have tough skin. (AC +1)


Message History

* * * LOW HITPOINT WARNING * * *
You closely miss the troll. You block the ufetubus's attack.
The ufetubus hits you but does no damage.
The troll closely misses you. The troll claws you!
* * * LOW HITPOINT WARNING * * *
The troll claws you!
* * * LOW HITPOINT WARNING * * *
You scratch the troll but do no damage. The ynoxinul hits you!
* * * LOW HITPOINT WARNING * * *
The orc wizard mumbles some strange words.
The orc wizard flickers and vanishes!
The ufetubus hits you but does no damage.
The ufetubus hits you.
* * * LOW HITPOINT WARNING * * *
You closely miss the troll.
A wraith comes into view.
An orc comes into view. It is wielding a +0 hand axe.
The troll barely misses you. The troll claws you but does no damage.
The troll claws you!
* * * LOW HITPOINT WARNING * * *
Press: ? - help, v - describe, . - travel The floor.
Unknown command.
Press: ? - help, v - describe, . - travel
Here: a troll (chance to confuse on hit: 47%)
The floor.
You barely miss the troll. The ufetubus barely misses you. x3
The ufetubus hits you but does no damage.
You block the ynoxinul's attack.
You scratch the troll but do no damage.
The troll appears confused.
Your claw misses the troll. You block the ufetubus's attack.
The ufetubus hits you but does no damage.
The ufetubus closely misses you. x2; The troll bites you.
* * * LOW HITPOINT WARNING * * *
The troll claws you but does no damage. The troll closely misses you.
You barely miss the ynoxinul.
The ynoxinul is lightly wounded.
The ynoxinul gestures at you. The iron shot hits you!!!
You die...

.........
#.#....W.
.........
#.....#..
#........
##.W....
#..@.#
#43## #W5@#
##5#T......
###o......
#......
......
o#....
..... . ...


You could see Josephine, an ice devil (summoned), a troll (confused), a ynoxinul
(summoned), 2 wraiths, 2 orcs and 2 ufetubi.

Vanquished Creatures
  Gastronok (Lair:3)
  Kirke (Lair:4)
  4 dire elephants (Lair:6)
  4 hydras
  A two-headed ogre (Orc:1)
  A catoblepas (Lair:4)
  2 death yaks (Lair:6)
  Urug (Lair:5)
  A spectral anaconda (Lair:6)
  An obsidian statue (Lair:6)
  An orc sorcerer (Orc:1)
  A wolf spider (Lair:3)
  3 necromancers (Lair:6)
  15 elephants (Lair:6)
  3 black mambas
  A dire elephant skeleton (Lair:6)
  A torpor snail (Lair:5)
  9 cane toads
  4 komodo dragons
  3 rime drakes
  3 trolls
  2 polar bears
  Prince Ribbit (D:6)
  Grinder (D:5)
  A wraith (Orc:2)
  A dire elephant simulacrum (Lair:6)
  2 hogs (Lair:3)
  3 wyverns
  30 yaks
  3 steam dragons
  Eustachio (D:4)
  3 basilisks
  4 death yak simulacra (Lair:6)
  4 spectral cane toads (Lair:6)
  A warg (Orc:1)
  Edmund (D:5)
  12 water moccasins
  Duvessa (D:4)
  An ice beast (D:8)
  2 sky beasts
  2 necrophages
  5 orc warriors
  A black bear (Lair:3)
  8 ogres
  2 elephant zombies (Lair:6)
  3 wolves (Lair:3)
  A centaur (D:7)
  An elephant skeleton (Lair:6)
  A phantom (D:6)
  6 kobold brigands
  Blork the orc (D:4)
  19 bullfrogs
  A wyvern zombie (D:7)
  Dowan (D:4)
  2 scorpions
  A wyvern skeleton (D:5)
  2 cane toad simulacra (Lair:6)
  2 water moccasin zombies (Ossuary)
  4 wights (D:9)
  13 killer bees
  An elephant simulacrum (Lair:6)
  A howler monkey (D:5)
  2 electric eels (Lair:1)
  4 bullfrog zombies
  3 centaur zombies
  2 hounds (D:5)
  4 bullfrog skeletons
  2 gnoll shamans
  2 orc priests
  2 scorpion zombies (D:4)
  3 iguanas (D:6)
  10 orc wizards
  3 hound zombies
  A hound skeleton (D:4)
  2 mummies (Ossuary)
  26 gnolls
  2 howler monkey zombies
  11 adders
  A shadow imp (D:5)
  An ufetubus (D:7)
  10 adder zombies
  3 adder skeletons (D:4)
  A worm (D:2)
  2 dart slugs
  31 orcs
  8 bats
  8 endoplasms
  3 giant cockroaches
  2 goblins
  5 hobgoblins
  3 jackals (D:2)
  2 quokkas
  8 ball pythons
  2 frilled lizards
  2 gnoll zombies (Ossuary)
  2 hobgoblin zombies (Ossuary)
  13 kobolds
  2 kobold zombies (Ossuary)
  7 orc zombies (Ossuary)
  A quokka zombie (D:4)
  2 rats
411 creatures vanquished.

Vanquished Creatures (others)
  2 humans (Lair:4)
  A bullfrog skeleton (D:6)
  2 orc wizards (D:9)
  A bush (Lair:2)
  16 fungi
  32 plants
  31 withered plants
85 creatures vanquished.

Grand Total: 496 creatures vanquished

Notes
Turn   | Place    | Note
-------+----------+-------------------------------------------
     0 | D:1      | grimtooth the Troll Arcane Marksman began the quest for the
                  | Orb.
     0 | D:1      | Reached XP level 1. HP: 18/18 MP: 1/1
    53 | D:1      | Reached skill level 1 in Fighting
    86 | D:1      | Found Xaxungexe's Armour Emporium.
   207 | D:1      | Reached skill level 1 in Unarmed Combat
   207 | D:1      | Reached XP level 2. HP: 24/27 MP: 2/2
   659 | D:1      | Reached XP level 3. HP: 35/35 MP: 3/3
   737 | D:2      | Reached skill level 2 in Unarmed Combat
  1026 | D:2      | Reached XP level 4. HP: 42/42 MP: 4/4
  1775 | D:3      | Found Kejoopn's Magic Scroll Emporium.
  1783 | D:3      | Bought a scroll of fear for 38 gold pieces
  1783 | D:3      | Bought a scroll of identify for 22 gold pieces
  2187 | D:3      | Found a faded altar of an unknown god.
  2420 | D:3      | Reached skill level 3 in Unarmed Combat
  2528 | D:4      | Reached XP level 5. HP: 33/52 MP: 5/5
  2645 | D:4      | Reached skill level 4 in Unarmed Combat
  2646 | D:4      | Noticed Blork the orc
  2685 | D:4      | Noticed an ogre
  2687 | D:4      | Noticed Eustachio
  2702 | D:4      | Killed an ogre
  2703 | D:4      | Reached XP level 6. HP: 33/62 MP: 6/6
  2714 | D:4      | HP: 3/62 [ufetubus[Eustachio] (4)]
  2720 | D:4      | Killed Eustachio
  2721 | D:4      | Reached skill level 5 in Unarmed Combat
  2721 | D:4      | Reached XP level 7. HP: 9/70 MP: 7/7
  2767 | D:5      | Entered Level 5 of the Dungeon
  2767 | D:5      | Noticed Edmund
  2791 | D:4      | Killed Blork the orc
  3007 | D:4      | Identified the +5 mace of Orruc {vorpal, Dex+2}
  3069 | D:4      | Noticed Duvessa
  3069 | D:4      | Noticed Dowan
  3126 | D:4      | Killed Duvessa
  3127 | D:4      | Reached skill level 5 in Fighting
  3127 | D:4      | Reached skill level 6 in Unarmed Combat
  3133 | D:4      | Killed Dowan
  3265 | D:5      | Reached XP level 8. HP: 81/81 MP: 8/8
  3385 | D:5      | Identified the +7 hand crossbow of Twilight {vorpal, rElec
                  | rPois}
  3765 | D:4      | Reached skill level 7 in Unarmed Combat
  3956 | D:5      | Reached skill level 8 in Unarmed Combat
  4032 | D:5      | Killed Edmund
  4370 | D:5      | Noticed Grinder
  4372 | D:5      | Paralysed by Grinder for 5 turns
  4383 | D:5      | Killed Grinder
  4384 | D:5      | Reached skill level 9 in Unarmed Combat
  4384 | D:5      | Reached XP level 9. HP: 64/89 MP: 9/9
  4387 | D:5      | Learned a level 2 spell: Blink
  4464 | D:5      | Found a runed translucent door.
  4465 | D:5      | Noticed Crazy Yiuf
  5196 | D:6      | Found a staircase to the Ecumenical Temple.
  5217 | Temple   | Entered the Ecumenical Temple
  5359 | Temple   | Became a worshipper of Warmaster Okawaru
  5453 | D:6      | Noticed Prince Ribbit
  5461 | D:6      | Killed Prince Ribbit
  5462 | D:6      | Reached skill level 10 in Unarmed Combat
  5467 | D:6      | Found an ornate altar of the Wu Jian Council.
  5860 | D:7      | Reached * piety under Okawaru
  6561 | D:7      | Reached skill level 5 in Throwing
  6830 | D:8      | Found a sand-covered staircase.
  6834 | Ossuary  | Entered an ossuary
  6939 | Ossuary  | Reached skill level 11 in Unarmed Combat
  7094 | D:8      | Reached XP level 10. HP: 92/98 MP: 10/10
  7406 | D:8      | Reached ** piety under Okawaru
  8323 | D:9      | Found a staircase to the Lair.
  8363 | D:9      | Reached skill level 1 in Invocations
  8533 | D:9      | Found a staircase to the Orcish Mines.
  8569 | D:9      | Reached *** piety under Okawaru
  8903 | Lair:1   | Entered Level 1 of the Lair of Beasts
  8948 | Lair:1   | Identified the +1 robe "Omusiq" {Str+2 SInv}
  8987 | Lair:1   | Reached skill level 12 in Unarmed Combat
  9046 | Lair:1   | Noticed a cane toad
  9052 | Lair:1   | Killed a cane toad
  9181 | Lair:1   | Noticed a black mamba
  9189 | Lair:1   | Killed a black mamba
  9189 | Lair:1   | Reached **** piety under Okawaru
  9214 | Lair:1   | Reached XP level 11. HP: 77/105 MP: 13/13
  9573 | Lair:1   | HP: 3/105 [komodo dragon (27)]
  9574 | Lair:1   | HP: 1/105 [poisoned by a cane toad]
  9578 | Lair:1   | Reached skill level 5 in Invocations
  9579 | Lair:1   | - oops
  9944 | Lair:2   | Noticed a five-headed hydra
  9958 | Lair:2   | Killed a five-headed hydra
 10089 | Lair:2   | Reached ***** piety under Okawaru
 10118 | Lair:2   | Reached skill level 5 in Hexes
 10167 | Lair:2   | Received a gift from Okawaru
 10330 | Lair:2   | Received a gift from Okawaru
 10517 | Lair:2   | Found a staircase to the Shoals.
 10923 | Lair:2   | Learned a level 3 spell: Portal Projectile
 10940 | Lair:3   | Found a hole to the Spider Nest.
 10940 | Lair:3   | Noticed a wolf spider
 10953 | Lair:3   | Killed a wolf spider
 11121 | Lair:3   | - sloppy
 11396 | Lair:3   | Noticed Gastronok
 11420 | Lair:3   | Killed Gastronok
 11421 | Lair:3   | Reached skill level 1 in Translocations
 11421 | Lair:3   | Reached XP level 12. HP: 114/114 MP: 17/17
 11485 | Lair:3   | Noticed a seven-headed hydra
 11508 | Lair:3   | Killed a seven-headed hydra
 12050 | Lair:4   | Noticed a catoblepas
 12094 | Lair:4   | Killed a catoblepas
 12194 | Lair:4   | Noticed Kirke
 12215 | Lair:4   | Killed Kirke
 12215 | Lair:4   | Received a gift from Okawaru
 12216 | Lair:4   | Reached skill level 5 in Translocations
 12298 | Lair:4   | Received a gift from Okawaru
 13018 | Lair:5   | Noticed Urug
 13030 | Lair:5   | Learned a level 2 spell: Slow
 13055 | Lair:5   | Killed Urug
 13056 | Lair:5   | Reached skill level 1 in Shields
 13438 | Lair:6   | Entered Level 6 of the Lair of Beasts
 13482 | Lair:6   | Noticed a four-headed hydra
 13496 | Lair:6   | Killed a four-headed hydra
 13646 | Lair:6   | Found a viscous altar of Jiyva.
 13646 | Lair:6   | Found a staircase to the Slime Pits.
 13749 | Lair:6   | Reached XP level 13. HP: 97/127 MP: 18/18
 13826 | Lair:6   | Found a radiant altar of Vehumet.
 14343 | Lair:6   | Reached ****** piety under Okawaru
 14442 | Lair:6   | Noticed a dire elephant
 14442 | Lair:6   | Noticed a dire elephant
 14442 | Lair:6   | Noticed a dire elephant
 14477 | Lair:6   | Received a gift from Okawaru
 14524 | Lair:6   | Noticed a dire elephant
 14524 | Lair:6   | Noticed a dire elephant
 14558 | Lair:6   | Killed a dire elephant
 14698 | Lair:6   | Received a gift from Okawaru
 14880 | Lair:6   | Learned a level 1 spell: Apportation
 14884 | Lair:6   | Learned a level 3 spell: Confusing Touch
 15109 | Lair:6   | Reached skill level 5 in Shields
 15218 | Lair:6   | Killed a dire elephant
 15222 | Lair:6   | Received a gift from Okawaru
 15370 | Lair:6   | Killed a dire elephant
 15392 | Lair:6   | Killed a dire elephant
 15991 | Orc:1    | Entered Level 1 of the Orcish Mines
 16620 | Orc:2    | Entered Level 2 of the Orcish Mines
 16633 | Orc:2    | Noticed Josephine
 16648 | Orc:2    | Killed from afar by a ynoxinul

Illustrated notes

.#..##..##..#.###.(. #....†.....
..########...## #.(# #..........
..#### #...#####..# #..........
.P...#####..###P#..####..........
.................................
.................................
#P####...#.#####....♣...♣........
### ##..### ##..♣.P...♣.......
.#####...# #....♣.♣P........
.#.##.#..# ##.....>.........
...'.#...#######@....♣.♣P.......
..8#...............♣P....♣......
...'................♣...♣.......
.##.###..#.######...............
.#### #..### #...###...##### ##
#..#### #..P###..##
#######..##P#####..###...#
............).......###..########
.................................
P##..######......................
###..# #........#.##...#.P####


Turn 9579 on Lair:1: - oops ### ###### ###.# #.#P.####..## ## #....#.P...####.
##...........P#.. #................ ##............(... #@...........(.#..
##..........(.##.. #........P...##... #.............#... #..............#..
##................ ##### #............... #######...### ##........ ...#........#
#......... .<..........# ##........ ...<...##.P.## ##........ Turn 11121 on
Lair:3: - sloppy

Levels and vault maps discovered:
D:1:      ncdulo_lavacross, layout_loops_ring, serial_shops,
          nicolae_diamond_shop
D:2:      layout_basic
D:3:      layout_basic, serial_shops, shop,
          hellmonk_ecumenical_altar_inner_sanctum, minmay_misc_feat_pillars
D:4:      layout_cave_pools, serial_undead, serial_undead_f, serial_undead_c,
          serial_undead_c, serial_undead_a, serial_undead_c, serial_undead_b,
          uniq_duvessa, uniq_blork_the_orc, uniq_eustachio
D:5:      layout_basic, uniq_edmund, uniq_crazy_yiuf_cottage, uniq_grinder
D:6:      layout_rooms, nicolae_wu_jian_wuxing_cycle, lemuel_temple_firewalk_b,
          uniq_prince_ribbit1
D:7:      layout_gridville
D:8:      layout_cave_pools, serial_column_ruins, column_ruins_circle_medium,
          column_ruins_square_small, column_ruins_grid_2,
          column_ruins_open_tiny, column_ruins_grid_1,
          column_ruins_corridor_straight, column_ruins_columns_corner,
          column_ruins_corridor_straight, lightli_ossuary_entry_decrepit_ruins,
          corexii_hall_statues_l, chequers_serial_rivers_micro_a,
          chequers_serial_rivers_micro_e, serial_bayou_pond_c,
          wad_rectangle_vault
D:9:      layout_cave_pods, david_lair_shrubbed,
          kennysheep_orc_monster_closet_entryway
Temple:   regret_index_temple_sigil_plot
Lair:1:   layout_small_grid, grunt_forest_stairs_basic,
          chequers_serial_rivers_large_b, serial_bayou_shore_a,
          grunt_megastairs_5
Lair:2:   layout_chaotic_city, shoals_dummy_entry, lemuel_fruit_tree
Lair:3:   layout_gridlike, spider_nest_entry_rubble, uniq_gastronok
Lair:4:   layout_big_grid, infiniplex_staircase_pool, uniq_kirke
Lair:5:   layout_loops_ring, grunt_megastairs_3, uniq_urug
Lair:6:   due_jungle_book, layout_regular_city, slime_altar_1, basic_altar
Orc:1:    layout_caves
Orc:2:    st_orc_rangers, layout_caves, maelrawn_ghost_gauntlet_escape,
          basic_altar, hellmonk_bongcloud_opening, uniq_josephine

Skill      XL: |  1  2  3  4  5  6  7  8  9 10 11 12 13 |
---------------+----------------------------------------+-----
Fighting       | 1 2 3 4 5 6 7 9 |  9.0
Unarmed Combat | 1 2 3 4 5 6 9 11 12 | 12.0
Throwing       | 5 6 8 |  8.4
Invocations    | 4 8 9 |  9.0
Hexes          | 4 6 |  6.0
Translocations | 1 6 |  6.0
Shields        | 2 5 |  5.9
Dodging        | |  1.5
Spellcasting   | |  1.0

Action                   |  1- 3 |  4- 6 |  7- 9 | 10-12 | 13-15 || total
-------------------------+-------+-------+-------+-------+-------++-------
Melee: Unarmed           |   101 |   136 |   356 |   574 |   265 ||  1432
       Punch             |     1 |     1 |    16 |    44 |    22 ||    84
       Giant spiked club |       |       |       |       |    12 ||    12
 Fire: Hand crossbow     |       |       |     7 |    42 |    19 ||    68
Throw: Stone             |       |    18 |   106 |   115 |    58 ||   297
       Dart              |       |     4 |    27 |     8 |    58 ||    97
       Large rock        |       |       |     2 |     3 |       ||     5
 Cast: Corona            |     1 |       |       |     4 |       ||     5
       Blink             |       |       |       |     3 |     8 ||    11
       Portal Projectile |       |       |       |     3 |     1 ||     4
       Slow              |       |       |       |     1 |    10 ||    11
       Confusing Touch   |       |       |       |       |     1 ||     1
Invok: Heroism           |       |       |       |    11 |     9 ||    20
Evoke: Wand              |       |       |     3 |    10 |     2 ||    15
  Use: Scroll            |       |     6 |     7 |    12 |     2 ||    27
       Potion            |       |     3 |     2 |     9 |     2 ||    16
 Stab: Invisible         |       |     1 |       |       |       ||     1
       Paralysed         |       |       |       |     1 |       ||     1
Armor: Robe              |    39 |    91 |   132 |     8 |    14 ||   284
       Steam dragon scal |       |       |       |   217 |    82 ||   299
Dodge: Dodged            |    48 |    64 |   170 |   258 |    83 ||   623
Block: Other             |       |       |       |   110 |    55 ||   165
       Reflection        |       |       |       |     3 |       ||     3
